 Dungeon Crawl Stone Soup version 0.25-a0-857-g60a0bcd8b5 (webtiles) character file.

Game seed: 7237203828492674829, levelgen mode: deterministic

165 unvid the Shooter (level 5, -7/45 HPs)
             Began as a Naga Hunter on Apr 26, 2020.
             Mangled by Menkaure (8 damage)
             ... on level 3 of the Dungeon.
             The game lasted 00:04:40 (3645 turns).

unvid the Shooter (Naga Hunter)                     Turns: 3645, Time: 00:04:40

Health: -7/45      AC:  3    Str: 15    XL:     5   Next: 46%
Magic:  5/5        EV:  9    Int: 12    God:
Gold:   109        SH:  0    Dex: 11    Spells: 4/4 levels left

rFire    . . .     SeeInvis +   a - +1 shortbow
rCold    . . .     Gourm    .   (shield currently unavailable)
rNeg     . . .     Faith    .   c - +0 leather armour
rPois    +         Spirit   .   (no helmet)
rElec    .         Reflect  .   (no cloak)
rCorr    .         Harm     .   (no gloves)
MR       .....                  (no barding)
Stlth    +.........             i - amulet of magic regeneration
HPRegen  0.15/turn              h - ring of flight
MPRegen  0.34/turn              (no ring)

@: confused, very slow
A: large, see invisible, deformed body, poison resistance, slowness 2, slow
metabolism 1, spit poison 1, AC +1
a: Spit Poison, Evoke Flight


You were on level 3 of the Dungeon.
You were hungry.

You visited 1 branch of the dungeon, and saw 4 of its levels.

You collected 109 gold pieces.

Inventory:

Hand Weapons
 a - a +1 shortbow (weapon)
 b - a +5 dagger
 q - a +2 rapier of draining
Missiles
 d - 35 arrows (quivered)
Armour
 c - a +0 leather armour (worn)
Jewellery
 h - a ring of flight (left hand)
 i - an amulet of magic regeneration (around neck)
Scrolls
 j - 2 scrolls of identify
 l - a scroll of noise {unknown}
 m - a scroll of immolation {unknown}
 n - a scroll of amnesia {unknown}
 o - 2 scrolls of teleportation {unknown}
 r - a scroll of remove curse {unknown}
Potions
 e - 2 potions of lignification
 g - a potion of might
 k - a potion of heal wounds {unknown}
 p - a potion of ambrosia
 s - a potion of curing {unknown}
Comestibles
 f - 7 rations


   Skills:
 - Level 2.0 Fighting
 * Level 3.2 Short Blades
 - Level 4.4 Bows
 - Level 1.5 Dodging
 + Level 4.0 Stealth


You had 4 spell levels left.
You didn't know any spells.
Your spell library was empty.

Dungeon Overview and Level Annotations

Branches:
Dungeon (4/15)
 Temple: D:4-7

Altars:

Annotations:
D:3 Menkaure


Innate Abilities, Weirdness & Mutations

You cannot wear boots.
Your serpentine skin is tough. (AC +1)
You have supernaturally acute eyesight. (SInv)
Armour fits poorly on your strangely shaped body.
Your system is resistant to poisons. (rPois)
You cover ground very slowly.
You have a slow metabolism.
You can spit poison.


Message History

Press: ? - help, Shift-Dir - straight line, f - Menkaure
Aim: Menkaure (moderately damaged, fast)
You shoot an arrow. The arrow barely misses Menkaure.
The orc wizard casts a spell at you. The magic dart hits you!
* * * LOW HITPOINT WARNING * * *
Menkaure hits you.
* * * LOW HITPOINT WARNING * * *
The orc wizard hits you with a +0 dagger.
* * * LOW HITPOINT WARNING * * *
It was a potion of ambrosia.
You are confused.
You feel invigorated.
Menkaure shouts, "The curse of the Pharaohs be upon you!"
Menkaure misses you.
The orc wizard points at you and mumbles some strange words.
The magic dart hits you.
* * * LOW HITPOINT WARNING * * *
Menkaure hits you!
You die...

.....###.#.....###.......########
###..###.#....)#.'.......'.......
...............#.#.......########
###..##.....####.#.....).#
.....##.......##.#########
....................########
###.#.#.....#.#..##.#......# ###
###.........#.#..##.#......####..
...........##.#.@.)........'..'..
###............oM..........####..
#...#..#.##.##...##########....
##..#..#.........# #....
#.....#.####....# #...#
##.#............# #...#
#.........#....# #รท..#
###..#......(..# #...#
#####..#.##.#.#### #####


You could see Menkaure and an orc wizard.

Vanquished Creatures
  4 gnolls
  5 adders
  An ooze (D:2)
  3 dart slugs
  3 leopard geckos
  5 orcs
  11 bats
  4 giant cockroaches
  4 goblins
  4 hobgoblins
  7 kobolds
  2 ball pythons
  4 frilled lizards
  A quokka skeleton (D:4)
  10 rats
68 creatures vanquished.

Notes
Turn   | Place    | Note
-------+----------+-------------------------------------------
     0 | D:1      | unvid the Naga Hunter began the quest for the Orb.
     0 | D:1      | Reached XP level 1. HP: 19/19 MP: 1/1
   154 | D:1      | Reached XP level 2. HP: 26/26 MP: 2/2
   519 | D:1      | Reached XP level 3. HP: 31/32 MP: 3/3
   553 | D:1      | HP: 1/32 [gnoll/+2 flail of protection (5)]
  1195 | D:2      | Reached skill level 1 in Short Blades
  1607 | D:2      | Reached XP level 4. HP: 39/39 MP: 4/4
  2735 | D:3      | Reached XP level 5. HP: 31/45 MP: 5/5
  3459 | D:4      | Noticed a phantom
  3632 | D:4      | Noticed Menkaure
  3645 | D:3      | HP: 1/45 [orc wizard/magic dart (6)]
  3645 | D:3      | Mangled by Menkaure

Levels and vault maps discovered:
D:1:      dpeg_arrival_stonehenge_12_columns, layout_basic
D:2:      layout_loops_ring, minivault_26
D:3:      layout_basic, minmay_misc_feat_cross
D:4:      layout_cave_pools, serial_shops,
          nicolae_shop_temple_entry_statues_fountains, first_ration,
          nemelex_spade_bored_becter, uniq_robin, uniq_menkaure, uniq_duvessa

Skill      XL: |  1  2  3  4  5 |
---------------+----------------+-----
Bows           | 4 |  4.4
Stealth        | 2 3 4 |  4.0
Short Blades   | 1 2 3 |  3.2
Fighting       | |  2.0
Dodging        | |  1.5

Action                   |  1- 3 |  4- 6 || total
-------------------------+-------+-------++-------
Melee: Short sword       |     8 |       ||     8
       Dagger            |    38 |    42 ||    80
       Rapier            |       |    37 ||    37
 Fire: Shortbow          |    30 |    27 ||    57
 Abil: Spit Poison       |     7 |     7 ||    14
  Use: Scroll            |     3 |     1 ||     4
       Potion            |       |     1 ||     1
 Stab: Sleeping          |     1 |     6 ||     7
  Eat: Chunk             |     1 |     5 ||     6
Armor: Leather armour    |    16 |    16 ||    32
Dodge: Dodged            |    35 |    47 ||    82

Table legend:
 A = Non-vault XP
 B = Vault XP
 C = Vault XP percentage of total XP
 D = Non-vault monster count
 E = Vault monster count
 F = Vault count percentage of total count
                 A         B        C        D         E       F
            +---------+---------+-------+---------+---------+-------
      Total |     236 |       0 |   0.0 |      68 |       0 |   0.0
            +---------+---------+-------+---------+---------+-------
        D:1 |      53 |       0 |   0.0 |      24 |       0 |   0.0
        D:2 |      75 |       0 |   0.0 |      20 |       0 |   0.0
        D:3 |      59 |       0 |   0.0 |      18 |       0 |   0.0
        D:4 |      49 |       0 |   0.0 |       6 |       0 |   0.0
            +---------+---------+-------+---------+---------+-------
